Flames vs Canucks

Created - 1 avril 2019 at 22:29

Goals
1 2 3 T
Flames 1 0 0 1
Canucks 2 1 0 3
Shots
1 2 3 T
Flames 6 8 7 21
Canucks 13 11 7 31

1st period

1. Canucks , Brayden Point 32 (Erik Karlsson 47, William Karlsson 28) at 9:56
2. Flames , Viktor Arvidsson 17 (Evgeni Malkin 34) at 11:55
3. Canucks , William Karlsson 24 (Mike Hoffman 37, Alex Pietrangelo 41) at 13:29

Penalties :
David Kampf (CGY) for Interference (Minor) at 6:14, Brayden Point (VAN) for Hooking (Minor) at 19:17, Evgeni Malkin (CGY) for Roughing (Minor) at 19:17

2nd period

4. Canucks , Anthony Beauvillier 8 (Alex Pietrangelo 42, Aaron Ekblad 30) at 2:22

Penalties :
Blake Coleman (VAN) for Roughing (Minor) at 14:21, Jason Garrison (CGY) for Interference (Minor) at 14:21

3rd period

No Goal

Penalties :
No Penalty

Goalie Stats

Mike Smith (CGY), 28 saves from 31 shots - (0.903), L, 11-10-1, 60:00 minutes
Braden Holtby (VAN), 20 saves from 21 shots - (0.952), W, 33-25-3, 60:00 minutes

Players Stats for Flames

Player Name              G  A  P  +/- PIM S  H  SB GA TA FO     MP     PP MP  PK MP  
------------------------------------------------------------------------------------
Alec Martinez            0  0  0   1  0   0  1  1  0  0  0/0    21:46   0:00   1:27 
Artem Anisimov           0  0  0   0  0   0  0  0  0  0  2/3     1:44   0:00   0:00 
Brandon Sutter           0  0  0  -3  0   1  0  1  0  0  14/17  16:45   0:00   0:15 
David Kampf              0  0  0   0  2   0  0  0  0  0  0/2    16:59   0:00   0:00 
Derek Stepan             0  0  0   0  0   3  0  1  0  0  14/20  22:32   0:00   1:21 
Devante Smith-Pelly      0  0  0  -3  0   1  0  0  0  0  0/1    16:01   0:00   0:23 
Evgeni Malkin            0  1  1   1  2   4  3  0  0  0  8/20   22:54   0:00   0:51 
Haydn Fleury             0  0  0   0  0   0  0  0  0  0  0/0     4:22   0:00   0:00 
James van Riemsdyk       0  0  0   1  0   0  1  0  0  0  0/1    19:47   0:00   0:00 
Jared Spurgeon           0  0  0   0  0   1  0  0  0  0  0/0    18:34   0:00   0:32 
Jason Demers             0  0  0   1  0   1  0  2  0  0  0/0    21:13   0:00   1:27 
Jason Garrison           0  0  0  -3  2   0  3  3  0  0  0/0    15:17   0:00   0:00 
Jordan Martinook         0  0  0   0  0   1  3  0  0  0  0/0    17:00   0:00   0:00 
Justin Faulk             0  0  0   0  0   0  5  2  0  0  0/0    22:56   0:00   0:32 
Marc Staal               0  0  0  -3  0   3  0  2  0  0  0/0    15:51   0:00   0:00 
Matthew Peca             0  0  0   0  0   0  0  0  0  0  2/2     2:54   0:00   0:00 
Nick Ritchie             0  0  0  -3  0   1  1  0  0  0  1/4    16:31   0:00   0:53 
Viktor Arvidsson         1  0  1   1  0   5  0  2  0  0  0/0    20:54   0:00   0:15 

Players Stats for Canucks

Player Name              G  A  P  +/- PIM S  H  SB GA TA FO     MP     PP MP  PK MP  
------------------------------------------------------------------------------------
Aaron Ekblad             0  1  1   2  0   0  0  1  0  0  0/0    19:14   0:00   0:00 
Alex Pietrangelo         0  2  2   2  0   2  0  1  0  0  0/0    22:00   0:44   0:00 
Anthony Beauvillier      1  0  1   1  0   2  0  0  0  0  1/3    11:28   0:00   0:00 
Blake Coleman            0  0  0   1  2   1  0  0  0  0  3/11   11:05   0:00   0:00 
Bobby Ryan               0  0  0   1  0   2  0  0  0  0  0/0    12:11   1:05   0:00 
Brandon Montour          0  0  0   0  0   1  0  0  0  0  0/0    15:50   0:00   0:00 
Brayden Point            1  0  1   2  2   3  2  0  0  0  0/1    18:59   0:54   0:00 
Charlie Coyle            0  0  0  -1  0   2  1  0  0  0  3/3    18:18   1:05   0:00 
Chris Kreider            0  0  0  -1  0   1  2  0  0  0  0/0    18:18   1:05   0:00 
Danton Heinen            0  0  0   0  0   3  0  0  0  0  1/1     8:38   0:00   0:00 
Erik Karlsson            0  1  1   0  0   0  1  1  0  0  0/0    24:12   1:15   0:00 
Evgeny Kuznetsov         0  0  0  -1  0   5  1  0  0  0  8/23   20:43   0:54   0:00 
Jared McCann             0  0  0   0  0   0  0  0  0  0  3/7     8:38   0:00   0:00 
Mike Hoffman             0  1  1   2  0   0  3  0  0  0  1/1    20:28   1:15   0:00 
Tom Wilson               0  0  0   0  0   0  0  0  0  0  0/0     8:38   0:00   0:00 
Tyson Barrie             0  0  0   0  0   1  1  1  0  0  0/0    21:39   0:44   0:00 
Vince Dunn               0  0  0   0  0   1  0  0  0  0  0/0    15:50   0:00   0:00 
William Karlsson         1  1  2   2  0   7  2  0  0  0  9/20   19:51   0:54   0:00 

3 Stars

1 - William Karlsson (VAN)
2 - Alex Pietrangelo (VAN)
3 - Mike Hoffman (VAN)

Power Play

Flames - 0 on 0 Attempt(s) - 0.00%
Canucks - 0 on 1 Attempt(s) - 0.00%

Penalty Kill

Flames - 1 on 1 Attempt(s) - 100.00% - Score 0 goal in Penalty Kill
Canucks - 0 on 0 Attempt(s) - 0.00% - Score 0 goal in Penalty Kill

Team Stat

Flames - Hits : 17 - Faceoff Wins : 41 - Blocked Shots : 14 - Penalty Minutes : 6
Canucks - Hits : 13 - Faceoff Wins : 29 - Blocked Shots : 4 - Penalty Minutes : 4

Official

Referees : Ghislain Hebert and Tom Kowal
Linesman : Steve Miller and Pierre Racicot

Game Notes

No Game Note

Finance

Level 1 -- Attendance: 6210 (95.54%) -- Ticket Income 683 100 $
Level 2 -- Attendance: 4977 (99.54%) -- Ticket Income 373 275 $
Level 3 -- Attendance: 3358 (95.94%) -- Ticket Income 184 690 $
Level 4 -- Attendance: 2521 (86.63%) -- Ticket Income 100 840 $
Luxury Box -- Attendance: 880 (88.00%) -- Ticket Income 175 120 $
Game was played at the Rogers Arena.
Total Attendance: 17946 (94.90%)
Total Ticket Income: 1 517 025 $
Other Income: 743 342 $
Total Income: 2 260 367 $

% Time on Ice - Flames

Lines # - Real PCT - Wanted PCT - Time Play
Normal Forward
1 - 37% - 40% - 19:47
2 - 31% - 30% - 17:00
3 - 29% - 20% - 15:38
4 - 3% - 10% - 1:38
Normal Defense
1 - 31% - 40% - 16:50
2 - 32% - 30% - 17:33
3 - 28% - 20% - 15:18
4 - 8% - 10% - 4:22
PP Forward
1 - 0% - 60%
2 - 0% - 40%
PP Defense
1 - 0% - 60%
2 - 0% - 40%
PK Forward
1 - 87% - 60% - 1:44
2 - 13% - 40% - 0:15
PK Defense
1 - 27% - 60% - 0:32
2 - 73% - 40% - 1:27
PK3 Forward
1 - 0% - 60%
2 - 0% - 40%
PK3 Defense
1 - 0% - 60%
2 - 0% - 40%
44 Forward
1 - 78% - 60% - 3:06
2 - 22% - 40% - 0:52
44 Defense
1 - 30% - 60% - 1:12
2 - 70% - 40% - 2:46
Last Minute Offensive  - 0:00
Last Minute Defensive  - 0:00
Total
Forward - 60:00
Defense - 60:00

% Time on Ice - Canucks

Lines # - Real PCT - Wanted PCT - Time Play
Normal Forward
1 - 32% - 33% - 17:06
2 - 32% - 33% - 17:13
3 - 21% - 22% - 11:06
4 - 16% - 12% - 8:38
Normal Defense
1 - 33% - 35% - 17:53
2 - 34% - 35% - 18:18
3 - 29% - 21% - 15:50
4 - 4% - 9% - 2:02
PP Forward
1 - 45% - 60% - 0:54
2 - 55% - 40% - 1:05
PP Defense
1 - 63% - 60% - 1:15
2 - 37% - 40% - 0:44
PK Forward
1 - 0% - 60%
2 - 0% - 40%
PK Defense
1 - 0% - 60%
2 - 0% - 40%
PK3 Forward
1 - 0% - 50%
2 - 0% - 50%
PK3 Defense
1 - 0% - 50%
2 - 0% - 50%
44 Forward
1 - 47% - 50% - 1:51
2 - 53% - 50% - 2:07
44 Defense
1 - 66% - 60% - 2:37
2 - 34% - 40% - 1:21
Last Minute Offensive  - 0:00
Last Minute Defensive  - 0:00
Total
Forward - 60:00
Defense - 60:00

Play-by-Play

1st period


0:01 of 1st period - William Karlsson wins face-off versus Evgeni Malkin in neutral zone.
0:01 of 1st period - Alex Pietrangelo is hit by Evgeni Malkin and loses puck.
0:05 of 1st period - Off-side.
0:06 of 1st period - Evgeny Kuznetsov wins face-off versus Derek Stepan in neutral zone.
0:06 of 1st period - Chris Kreider is hit by Jordan Martinook and loses puck.
0:13 of 1st period - Shot by Chris Kreider.
0:13 of 1st period - Shot Misses the Net.
0:42 of 1st period - Icing by Jason Demers.
0:43 of 1st period - Derek Stepan wins face-off versus Blake Coleman in Flames zone.
0:50 of 1st period - Shot by David Kampf.
0:50 of 1st period - Deflect By Derek Stepan.
0:50 of 1st period - Stopped by Braden Holtby without a rebound.
0:51 of 1st period - William Karlsson wins face-off versus Evgeni Malkin in Canucks zone.
1:26 of 1st period - Shot by Mike Hoffman.
1:26 of 1st period - Shot Blocked by Viktor Arvidsson.
1:32 of 1st period - Shot by Mike Hoffman.
1:32 of 1st period - Deflect By William Karlsson.
1:32 of 1st period - Shot Misses the Net.
2:07 of 1st period - Shot by Brandon Sutter.
2:07 of 1st period - Shot Misses the Net.
2:42 of 1st period - Tyson Barrie is hit by Nick Ritchie and loses puck.
3:56 of 1st period - Shot by David Kampf.
3:56 of 1st period - Deflect By Derek Stepan.
3:56 of 1st period - Stopped by Braden Holtby without a rebound.
3:57 of 1st period - William Karlsson wins face-off versus Evgeni Malkin in Canucks zone.
4:16 of 1st period - Shot by Mike Hoffman.
4:16 of 1st period - Deflect By William Karlsson.
4:16 of 1st period - Shot Blocked by Justin Faulk.
5:11 of 1st period - Icing by Justin Faulk.
5:12 of 1st period - Evgeny Kuznetsov wins face-off versus Evgeni Malkin in Flames zone.
5:12 of 1st period - Evgeny Kuznetsov is hit by Justin Faulk.
5:21 of 1st period - Chris Kreider is hit by Justin Faulk and loses puck.
6:01 of 1st period - Icing by Alec Martinez.
6:02 of 1st period - Derek Stepan wins face-off versus William Karlsson in Flames zone.
6:02 of 1st period - Derek Stepan is hit by Mike Hoffman.
6:14 of 1st period - Minor Penalty to David Kampf for Interference.
6:15 of 1st period - Evgeny Kuznetsov wins face-off versus Nick Ritchie in Flames zone.
6:18 of 1st period - Shot by Brayden Point.
6:18 of 1st period - Stopped by Mike Smith without a rebound.
6:19 of 1st period - Evgeny Kuznetsov wins face-off versus Nick Ritchie in Flames zone.
6:24 of 1st period - Shot by William Karlsson.
6:24 of 1st period - Stopped by Mike Smith without a rebound.
6:25 of 1st period - Charlie Coyle wins face-off versus Nick Ritchie in Flames zone.
6:42 of 1st period - Shot by Chris Kreider.
6:42 of 1st period - Shot Misses the Net.
6:44 of 1st period - Shot by Charlie Coyle.
6:44 of 1st period - Shot Misses the Net.
6:46 of 1st period - Shot by Charlie Coyle.
6:46 of 1st period - Stopped by Mike Smith with a rebound.
6:53 of 1st period - Bobby Ryan is hit by Alec Martinez and loses puck.
7:24 of 1st period - Justin Faulk is hit by Chris Kreider and loses puck.
7:37 of 1st period - Shot by Evgeny Kuznetsov.
7:37 of 1st period - Shot Misses the Net.
7:39 of 1st period - Shot by Alex Pietrangelo.
7:39 of 1st period - Stopped by Mike Smith without a rebound.
7:40 of 1st period - Brandon Sutter wins face-off versus Evgeny Kuznetsov in Flames zone.
8:35 of 1st period - Shot by Danton Heinen.
8:35 of 1st period - Deflect By Tom Wilson.
8:35 of 1st period - Shot Blocked by Brandon Sutter.
9:52 of 1st period - Shot by Brayden Point.
9:52 of 1st period - Shot Misses the Net.
9:54 of 1st period - Shot by Erik Karlsson.
9:54 of 1st period - Shot Misses the Net.
9:56 of 1st period - Shot by Brayden Point.
9:56 of 1st period - Goal by Brayden Point - Flames : 0 - Canucks : 1.
9:57 of 1st period - Evgeny Kuznetsov wins face-off versus Derek Stepan in neutral zone.
10:18 of 1st period - Shot by Jason Demers.
10:18 of 1st period - Stopped by Braden Holtby with a rebound.
10:51 of 1st period - Off-side.
10:52 of 1st period - Jared McCann wins face-off versus James van Riemsdyk in neutral zone.
10:55 of 1st period - Shot by Vince Dunn.
10:55 of 1st period - Stopped by Mike Smith without a rebound.
10:56 of 1st period - Evgeni Malkin wins face-off versus William Karlsson in Flames zone.
11:10 of 1st period - Brayden Point is hit by Justin Faulk and loses puck.
11:21 of 1st period - Shot by William Karlsson.
11:21 of 1st period - Stopped by Mike Smith without a rebound.
11:22 of 1st period - Artem Anisimov wins face-off versus Blake Coleman in Flames zone.
11:47 of 1st period - Shot by Anthony Beauvillier.
11:47 of 1st period - Stopped by Mike Smith with a rebound.
11:49 of 1st period - Shot by Bobby Ryan.
11:49 of 1st period - Stopped by Mike Smith without a rebound.
11:50 of 1st period - Evgeni Malkin wins face-off versus Evgeny Kuznetsov in Flames zone.
11:55 of 1st period - Shot by Viktor Arvidsson.
11:55 of 1st period - Goal by Viktor Arvidsson - Flames : 1 - Canucks : 1.
11:56 of 1st period - Derek Stepan wins face-off versus Evgeny Kuznetsov in neutral zone.
13:04 of 1st period - Icing by Erik Karlsson.
13:05 of 1st period - Brandon Sutter wins face-off versus Evgeny Kuznetsov in Canucks zone.
13:19 of 1st period - Icing by Marc Staal.
13:20 of 1st period - Brandon Sutter wins face-off versus William Karlsson in Flames zone.
13:24 of 1st period - Devante Smith-Pelly is hit by Mike Hoffman and loses puck.
13:29 of 1st period - Shot by Mike Hoffman.
13:29 of 1st period - Deflect By William Karlsson.
13:29 of 1st period - Goal by William Karlsson - Flames : 1 - Canucks : 2.
13:30 of 1st period - Evgeni Malkin wins face-off versus Blake Coleman in neutral zone.
13:33 of 1st period - Alex Pietrangelo is hit by Evgeni Malkin and loses puck.
14:32 of 1st period - Jared Spurgeon is hit by Mike Hoffman and loses puck.
15:07 of 1st period - Icing by Jason Demers.
15:08 of 1st period - Derek Stepan wins face-off versus Jared McCann in Flames zone.
17:01 of 1st period - Shot by Brandon Sutter.
17:01 of 1st period - Stopped by Braden Holtby with a rebound.
17:03 of 1st period - Shot by Jason Garrison.
17:03 of 1st period - Shot Misses the Net.
17:05 of 1st period - Shot by Devante Smith-Pelly.
17:05 of 1st period - Shot Misses the Net.
17:18 of 1st period - Shot by Marc Staal.
17:18 of 1st period - Shot Misses the Net.
17:20 of 1st period - Shot by Marc Staal.
17:20 of 1st period - Stopped by Braden Holtby with a rebound.
18:13 of 1st period - Icing by Anthony Beauvillier.
18:14 of 1st period - Blake Coleman wins face-off versus Brandon Sutter in Canucks zone.
18:45 of 1st period - Icing by Jason Garrison.
18:46 of 1st period - Brandon Sutter wins face-off versus William Karlsson in Flames zone.
18:59 of 1st period - Shot by William Karlsson.
18:59 of 1st period - Stopped by Mike Smith without a rebound.
19:00 of 1st period - Charlie Coyle wins face-off versus Evgeni Malkin in Flames zone.
19:01 of 1st period - Shot by Evgeny Kuznetsov.
19:01 of 1st period - Stopped by Mike Smith without a rebound.
19:02 of 1st period - Evgeni Malkin wins face-off versus William Karlsson in Flames zone.
19:02 of 1st period - Evgeni Malkin is hit by William Karlsson.
19:17 of 1st period - Minor Penalty to Brayden Point for Hooking.
19:17 of 1st period - Minor Penalty to Evgeni Malkin for Roughing.
19:18 of 1st period - Derek Stepan wins face-off versus Evgeny Kuznetsov in neutral zone.
19:21 of 1st period - Shot by Matthew Peca.
19:21 of 1st period - Shot Misses the Net.
19:41 of 1st period - Shot by Jason Demers.
19:41 of 1st period - Shot Misses the Net.
19:53 of 1st period - Shot by Evgeny Kuznetsov.
19:53 of 1st period - Stopped by Mike Smith without a rebound.
19:54 of 1st period - Anthony Beauvillier wins face-off versus Artem Anisimov in Flames zone.
Goals for this period are 1 for Flames vs 2 for Canucks.
Shots for this period are 6 for Flames vs 13 for Canucks.

2nd period


0:01 of 2nd period - Matthew Peca wins face-off versus Evgeny Kuznetsov in neutral zone.
0:15 of 2nd period - Icing by Tyson Barrie.
0:16 of 2nd period - Matthew Peca wins face-off versus Evgeny Kuznetsov in Canucks zone.
0:36 of 2nd period - Shot by Evgeny Kuznetsov.
0:36 of 2nd period - Shot Blocked by Derek Stepan.
0:38 of 2nd period - Shot by Mike Hoffman.
0:38 of 2nd period - Shot Misses the Net.
1:11 of 2nd period - Icing by Anthony Beauvillier.
1:12 of 2nd period - Brandon Sutter wins face-off versus Anthony Beauvillier in Canucks zone.
1:17 of 2nd period - Shot by Viktor Arvidsson.
1:17 of 2nd period - Shot Misses the Net.
1:51 of 2nd period - Shot by Danton Heinen.
1:51 of 2nd period - Stopped by Mike Smith without a rebound.
1:52 of 2nd period - Blake Coleman wins face-off versus Brandon Sutter in Flames zone.
2:18 of 2nd period - Shot by Aaron Ekblad.
2:18 of 2nd period - Shot Blocked by Jason Garrison.
2:20 of 2nd period - Shot by Alex Pietrangelo.
2:20 of 2nd period - Stopped by Mike Smith with a rebound.
2:22 of 2nd period - Shot by Anthony Beauvillier.
2:22 of 2nd period - Goal by Anthony Beauvillier - Flames : 1 - Canucks : 3.
2:23 of 2nd period - Derek Stepan wins face-off versus William Karlsson in neutral zone.
2:35 of 2nd period - Jordan Martinook is hit by William Karlsson and loses puck.
3:20 of 2nd period - Shot by Evgeni Malkin.
3:20 of 2nd period - Shot Misses the Net.
3:44 of 2nd period - Shot by Evgeni Malkin.
3:44 of 2nd period - Stopped by Braden Holtby without a rebound.
3:45 of 2nd period - Brandon Sutter wins face-off versus Blake Coleman in Canucks zone.
3:55 of 2nd period - Icing by Brandon Montour.
3:56 of 2nd period - Brandon Sutter wins face-off versus Blake Coleman in Canucks zone.
4:05 of 2nd period - Shot by Bobby Ryan.
4:05 of 2nd period - Stopped by Mike Smith with a rebound.
4:07 of 2nd period - Shot by Bobby Ryan.
4:07 of 2nd period - Shot Misses the Net.
5:05 of 2nd period - Shot by Viktor Arvidsson.
5:05 of 2nd period - Stopped by Braden Holtby without a rebound.
5:06 of 2nd period - William Karlsson wins face-off versus Derek Stepan in Canucks zone.
5:18 of 2nd period - Erik Karlsson is hit by Jason Garrison and loses puck.
5:31 of 2nd period - Shot by Jordan Martinook.
5:31 of 2nd period - Stopped by Braden Holtby without a rebound.
5:32 of 2nd period - Evgeni Malkin wins face-off versus Evgeny Kuznetsov in Canucks zone.
5:53 of 2nd period - Shot by Evgeny Kuznetsov.
5:53 of 2nd period - Stopped by Mike Smith without a rebound.
5:54 of 2nd period - William Karlsson wins face-off versus David Kampf in Flames zone.
7:21 of 2nd period - Shot by Evgeni Malkin.
7:21 of 2nd period - Shot Misses the Net.
7:23 of 2nd period - Shot by Viktor Arvidsson.
7:23 of 2nd period - Stopped by Braden Holtby without a rebound.
7:24 of 2nd period - Brandon Sutter wins face-off versus Blake Coleman in Canucks zone.
7:33 of 2nd period - Shot by Blake Coleman.
7:33 of 2nd period - Stopped by Mike Smith without a rebound.
7:34 of 2nd period - Jared McCann wins face-off versus Brandon Sutter in Flames zone.
7:50 of 2nd period - Danton Heinen is hit by Jason Garrison and loses puck.
7:53 of 2nd period - Shot by Danton Heinen.
7:53 of 2nd period - Stopped by Mike Smith without a rebound.
7:54 of 2nd period - William Karlsson wins face-off versus Evgeni Malkin in Flames zone.
7:54 of 2nd period - Erik Karlsson is hit by Justin Faulk and loses puck.
8:07 of 2nd period - Shot by Viktor Arvidsson.
8:07 of 2nd period - Shot Misses the Net.
8:26 of 2nd period - Shot by Evgeni Malkin.
8:26 of 2nd period - Stopped by Braden Holtby without a rebound.
8:27 of 2nd period - Derek Stepan wins face-off versus Evgeny Kuznetsov in Canucks zone.
8:54 of 2nd period - Shot by Charlie Coyle.
8:54 of 2nd period - Stopped by Mike Smith without a rebound.
8:55 of 2nd period - Brandon Sutter wins face-off versus Blake Coleman in Flames zone.
9:09 of 2nd period - Off-side.
9:10 of 2nd period - William Karlsson wins face-off versus Evgeni Malkin in neutral zone.
9:28 of 2nd period - Mike Hoffman is hit by Jason Garrison and loses puck.
9:31 of 2nd period - Shot by William Karlsson.
9:31 of 2nd period - Shot Misses the Net.
9:35 of 2nd period - Shot by Brayden Point.
9:35 of 2nd period - Shot Misses the Net.
9:39 of 2nd period - Shot by Brayden Point.
9:39 of 2nd period - Shot Hit the Post.
9:41 of 2nd period - Shot by Brayden Point.
9:41 of 2nd period - Shot Misses the Net.
10:39 of 2nd period - Shot by Evgeny Kuznetsov.
10:39 of 2nd period - Shot Blocked by Jason Garrison.
11:02 of 2nd period - Anthony Beauvillier is hit by Justin Faulk.
11:17 of 2nd period - Off-side.
11:18 of 2nd period - Danton Heinen wins face-off versus Devante Smith-Pelly in neutral zone.
11:30 of 2nd period - Jason Demers is hit by Erik Karlsson and loses puck.
11:50 of 2nd period - Nick Ritchie is hit by Tyson Barrie and loses puck.
12:33 of 2nd period - Shot by Alex Pietrangelo.
12:33 of 2nd period - Shot Hit the Post.
12:35 of 2nd period - Shot by Chris Kreider.
12:35 of 2nd period - Stopped by Mike Smith without a rebound.
12:36 of 2nd period - Derek Stepan wins face-off versus William Karlsson in Flames zone.
12:36 of 2nd period - Jared Spurgeon is hit by Brayden Point and loses puck.
14:02 of 2nd period - Icing by Jared Spurgeon.
14:03 of 2nd period - Blake Coleman wins face-off versus Derek Stepan in Flames zone.
14:21 of 2nd period - Minor Penalty to Blake Coleman for Roughing.
14:21 of 2nd period - Minor Penalty to Jason Garrison for Interference.
14:22 of 2nd period - Brandon Sutter wins face-off versus Brayden Point in Flames zone.
14:27 of 2nd period - Shot by Jason Demers.
14:27 of 2nd period - Shot Misses the Net.
14:29 of 2nd period - Shot by Brandon Sutter.
14:29 of 2nd period - Shot Blocked by Tyson Barrie.
14:31 of 2nd period - Shot by Jason Demers.
14:31 of 2nd period - Shot Blocked by Erik Karlsson.
14:33 of 2nd period - Shot by Viktor Arvidsson.
14:33 of 2nd period - Shot Misses the Net.
14:49 of 2nd period - Shot by Brayden Point.
14:49 of 2nd period - Shot Blocked by Jason Demers.
15:23 of 2nd period - Alex Pietrangelo is hit by Evgeni Malkin and loses puck.
15:38 of 2nd period - Shot by William Karlsson.
15:38 of 2nd period - Stopped by Mike Smith without a rebound.
15:39 of 2nd period - Evgeny Kuznetsov wins face-off versus Evgeni Malkin in Flames zone.
15:42 of 2nd period - Shot by William Karlsson.
15:42 of 2nd period - Shot Misses the Net.
16:40 of 2nd period - Shot by Marc Staal.
16:40 of 2nd period - Stopped by Braden Holtby with a rebound.
16:42 of 2nd period - Shot by Marc Staal.
16:42 of 2nd period - Stopped by Braden Holtby with a rebound.
16:44 of 2nd period - Shot by Nick Ritchie.
16:44 of 2nd period - Stopped by Braden Holtby with a rebound.
16:52 of 2nd period - Shot by Brandon Sutter.
16:52 of 2nd period - Shot Misses the Net.
17:25 of 2nd period - Shot by Evgeni Malkin.
17:25 of 2nd period - Shot Misses the Net.
17:43 of 2nd period - Shot by Evgeni Malkin.
17:43 of 2nd period - Deflect By James van Riemsdyk.
17:43 of 2nd period - Shot Misses the Net.
18:00 of 2nd period - Icing by Tyson Barrie.
18:01 of 2nd period - Jared McCann wins face-off versus Derek Stepan in Canucks zone.
18:01 of 2nd period - Jared McCann is hit by Jordan Martinook.
18:47 of 2nd period - Shot by Chris Kreider.
18:47 of 2nd period - Deflect By Evgeny Kuznetsov.
18:47 of 2nd period - Stopped by Mike Smith with a rebound.
19:04 of 2nd period - Icing by Marc Staal.
19:05 of 2nd period - Nick Ritchie wins face-off versus William Karlsson in Flames zone.
19:35 of 2nd period - Shot by Evgeni Malkin.
19:35 of 2nd period - Shot Misses the Net.
Goals for this period are 0 for Flames vs 1 for Canucks.
Shots for this period are 8 for Flames vs 11 for Canucks.

3rd period


0:01 of 3rd period - Evgeni Malkin wins face-off versus Evgeny Kuznetsov in neutral zone.
0:04 of 3rd period - Shot by James van Riemsdyk.
0:04 of 3rd period - Shot Misses the Net.
1:03 of 3rd period - Shot by William Karlsson.
1:03 of 3rd period - Stopped by Mike Smith with a rebound.
1:23 of 3rd period - Shot by Brayden Point.
1:23 of 3rd period - Stopped by Mike Smith without a rebound.
1:24 of 3rd period - Derek Stepan wins face-off versus Anthony Beauvillier in Flames zone.
1:45 of 3rd period - Shot by Brandon Montour.
1:45 of 3rd period - Stopped by Mike Smith without a rebound.
1:46 of 3rd period - Brandon Sutter wins face-off versus Jared McCann in Flames zone.
3:08 of 3rd period - Icing by David Kampf.
3:09 of 3rd period - Derek Stepan wins face-off versus William Karlsson in Flames zone.
3:09 of 3rd period - Derek Stepan is hit by Brayden Point.
4:36 of 3rd period - Shot by Evgeny Kuznetsov.
4:36 of 3rd period - Shot Blocked by Jason Garrison.
5:04 of 3rd period - Shot by Evgeni Malkin.
5:04 of 3rd period - Stopped by Braden Holtby without a rebound.
5:05 of 3rd period - Derek Stepan wins face-off versus Blake Coleman in Canucks zone.
5:18 of 3rd period - Shot by Derek Stepan.
5:18 of 3rd period - Shot Misses the Net.
5:32 of 3rd period - Icing by Justin Faulk.
5:33 of 3rd period - Derek Stepan wins face-off versus Jared McCann in Flames zone.
5:46 of 3rd period - Shot by Tyson Barrie.
5:46 of 3rd period - Stopped by Mike Smith without a rebound.
5:47 of 3rd period - Evgeni Malkin wins face-off versus William Karlsson in Flames zone.
6:22 of 3rd period - Shot by Viktor Arvidsson.
6:22 of 3rd period - Stopped by Braden Holtby without a rebound.
6:23 of 3rd period - Brandon Sutter wins face-off versus Evgeny Kuznetsov in Canucks zone.
6:28 of 3rd period - Shot by Devante Smith-Pelly.
6:28 of 3rd period - Stopped by Braden Holtby without a rebound.
6:29 of 3rd period - Charlie Coyle wins face-off versus Derek Stepan in Canucks zone.
6:50 of 3rd period - Shot by Derek Stepan.
6:50 of 3rd period - Stopped by Braden Holtby without a rebound.
6:51 of 3rd period - William Karlsson wins face-off versus Evgeni Malkin in Canucks zone.
7:12 of 3rd period - Shot by Viktor Arvidsson.
7:12 of 3rd period - Stopped by Braden Holtby without a rebound.
7:13 of 3rd period - Derek Stepan wins face-off versus Evgeny Kuznetsov in Canucks zone.
7:22 of 3rd period - Justin Faulk is hit by Charlie Coyle and loses puck.
7:38 of 3rd period - Icing by Aaron Ekblad.
7:39 of 3rd period - Evgeny Kuznetsov wins face-off versus Evgeni Malkin in Canucks zone.
7:47 of 3rd period - Off-side.
7:48 of 3rd period - Evgeni Malkin wins face-off versus William Karlsson in neutral zone.
8:24 of 3rd period - Shot by Mike Hoffman.
8:24 of 3rd period - Shot Blocked by Alec Martinez.
10:01 of 3rd period - Off-side.
10:02 of 3rd period - Brandon Sutter wins face-off versus Jared McCann in neutral zone.
11:11 of 3rd period - Icing by Jordan Martinook.
11:12 of 3rd period - Derek Stepan wins face-off versus Evgeny Kuznetsov in Flames zone.
11:12 of 3rd period - Derek Stepan is hit by Evgeny Kuznetsov.
11:24 of 3rd period - Shot by Derek Stepan.
11:24 of 3rd period - Shot Misses the Net.
11:31 of 3rd period - Icing by Alex Pietrangelo.
11:32 of 3rd period - Brandon Sutter wins face-off versus Evgeny Kuznetsov in Canucks zone.
11:57 of 3rd period - Shot by Brandon Sutter.
11:57 of 3rd period - Shot Blocked by Aaron Ekblad.
11:59 of 3rd period - Shot by Brandon Sutter.
11:59 of 3rd period - Shot Misses the Net.
12:01 of 3rd period - Shot by Nick Ritchie.
12:01 of 3rd period - Shot Misses the Net.
12:03 of 3rd period - Shot by Brandon Sutter.
12:03 of 3rd period - Shot Blocked by Alex Pietrangelo.
13:09 of 3rd period - Shot by Tyson Barrie.
13:09 of 3rd period - Shot Blocked by Viktor Arvidsson.
13:20 of 3rd period - Icing by Erik Karlsson.
13:21 of 3rd period - Mike Hoffman wins face-off versus David Kampf in Canucks zone.
13:21 of 3rd period - Erik Karlsson is hit by Jordan Martinook and loses puck.
14:21 of 3rd period - Shot by Brandon Sutter.
14:21 of 3rd period - Shot Misses the Net.
14:48 of 3rd period - Shot by Danton Heinen.
14:48 of 3rd period - Stopped by Mike Smith without a rebound.
14:49 of 3rd period - Evgeny Kuznetsov wins face-off versus Evgeni Malkin in Flames zone.
14:54 of 3rd period - Shot by Evgeny Kuznetsov.
14:54 of 3rd period - Shot Blocked by Justin Faulk.
15:10 of 3rd period - Shot by Evgeni Malkin.
15:10 of 3rd period - Stopped by Braden Holtby without a rebound.
15:11 of 3rd period - William Karlsson wins face-off versus Evgeni Malkin in Canucks zone.
15:11 of 3rd period - William Karlsson is hit by James van Riemsdyk.
15:29 of 3rd period - Shot by William Karlsson.
15:29 of 3rd period - Stopped by Mike Smith with a rebound.
16:00 of 3rd period - Viktor Arvidsson is hit by Chris Kreider and loses puck.
16:29 of 3rd period - Shot by Chris Kreider.
16:29 of 3rd period - Shot Blocked by Jason Demers.
16:37 of 3rd period - Shot by Evgeny Kuznetsov.
16:37 of 3rd period - Shot Misses the Net.
16:59 of 3rd period - Shot by Anthony Beauvillier.
16:59 of 3rd period - Shot Misses the Net.
17:13 of 3rd period - Shot by Jared Spurgeon.
17:13 of 3rd period - Stopped by Braden Holtby with a rebound.
17:15 of 3rd period - Shot by Jordan Martinook.
17:15 of 3rd period - Shot Misses the Net.
18:13 of 3rd period - Shot by Brayden Point.
18:13 of 3rd period - Shot Blocked by Marc Staal.
18:17 of 3rd period - Shot by Brayden Point.
18:17 of 3rd period - Shot Blocked by Marc Staal.
19:23 of 3rd period - Shot by Evgeny Kuznetsov.
19:23 of 3rd period - Stopped by Mike Smith without a rebound.
19:24 of 3rd period - Artem Anisimov wins face-off versus Evgeny Kuznetsov in Flames zone.
Goals for this period are 0 for Flames vs 0 for Canucks.
Shots for this period are 7 for Flames vs 7 for Canucks.